 Dungeon Crawl Stone Soup version 0.29.1-15-g9cfb28693d (webtiles) character file.

Game seed: 7378311293842971704

14 leafyfresh the Sneak (level 2, -1/21 HPs)
             Began as an Octopode Delver on Mar 4, 2023.
             Slain by an orc
             ... wielding a +0 club
              (3 damage)
             ... on level 3 of the Dungeon.
             The game lasted 00:00:22 (51 turns).

leafyfresh the Sneak (Octopode Delver)                Turns: 51, Time: 00:00:23

Health: -1/21      AC:  1    Str: 11    XL:     2   Next: 41%
Magic:  2/2        EV: 13    Int: 12    God:
Gold:   6          SH:  0    Dex: 13    Spells: 1/1 levels left

rFire   . . .      SeeInvis .   a - +0 short sword
rCold   . . .      Faith    .   (no shield)
rNeg    . . .      Spirit   .   (helmet restricted)
rPois   .          Reflect  .   (no amulet)
rElec   .          Harm     .   (no ring)
rCorr   .          Rampage  .   (no ring)
Will    .....                   (no ring)
Stlth   ++++......              (no ring)
HPRegen 0.07/turn               (no ring)
MPRegen 0.08/turn               (no ring)
                                (no ring)
                                (no ring)

@: no status effects
A: almost no armour, amphibious, 8 rings, camouflage 1, gelatinous body 1,
(nimble swimmer 1), tentacles
a: no special abilities


You were on level 3 of the Dungeon.
You visited 1 branch of the dungeon, and saw 3 of its levels.

You collected 6 gold pieces.

Inventory:

Hand Weapons
 a - a +0 short sword (weapon)
Wands
 f - a wand of digging (3)
Scrolls
 b - a scroll of fog
 c - a scroll of magic mapping
 d - a scroll of fear
Potions
 e - a potion of haste


   Skills:
 + Level 3.1 Fighting
 + Level 2.2 Short Blades
 + Level 2.2 Dodging
 + Level 6.8 Stealth


You had one spell level left.
You didn't know any spells.
Your spell library was empty.

Dungeon Overview and Level Annotations

Branches:
Dungeon (5/15)
 Temple: D:4-7

Altars:


Innate Abilities, Weirdness & Mutations

You cannot wear most types of armour.
You are amphibious.
You can wear up to eight rings at the same time.
Your skin changes colour to match your surroundings (Stealth+).
Your rubbery body absorbs attacks. (AC +1, EV +1)
((You are camouflaged when in or above water. (Stealth+)))
You have tentacles for arms and can constrict up to eight enemies at once.


Message History

You hit the endoplasm. You squeeze the endoplasm.
The endoplasm is moderately wounded.
The adder hisses angrily.
The endoplasm freezes you.
You are frozen.
An orc comes into view. It is wielding a +0 hand axe.
The orc shouts!
You hit the endoplasm but do no damage. You squeeze the endoplasm.
You kill the endoplasm!
You hear a shout! x2
An orc comes into view. It is wielding a +0 short sword.
You hit the adder. You grab the adder. You squeeze the adder.
You kill the adder!
You have reached level 2!
An orc comes into view. It is wielding a +0 mace.
The orc hits you with a +0 hand axe.
You closely miss the orc. You grab the orc. You constrict the orc.
The orc hits you with a +0 hand axe!
You are too injured to fight recklessly!
You are too injured to fight recklessly!
Unknown command.
Unknown command.
You hit the orc.
The orc is moderately wounded.
You constrict the orc. The orc misses you. x2
An orc comes into view. It is wielding a +0 club.
Unknown command.
You hit the orc.
You kill the orc!
The orc completely misses you.
Unknown command.
An orc comes into view. It is wielding a +0 whip.
The orc hits you with a +0 short sword.
* * * LOW HITPOINT WARNING * * *
You see here a +0 hand axe.
The orc hits you but does no damage. The orc attacks as you move away!
The orc hits you with a +0 club.
* * * LOW HITPOINT WARNING * * *
The orc attacks as you move away! The orc hits you with a +0 club.
You die...

########## .........
#.....########## #
####...(o##.#...#..
#.#......oo@........#
..........o#.........
##.........#.........
...........#.........
#....$†.####.........
#.......# ##.#.#....
#.......# #.#.#.##.
#.......# #.#.# .
#.......# #.#.#


You could see 4 orcs.

Vanquished Creatures
  An adder (D:3)
  An orc (D:3)
  An endoplasm (D:3)
  A goblin (D:3)
4 creatures vanquished.

Notes
Turn   | Place    | Note
-------+----------+-------------------------------------------
     0 | D:5      | leafyfresh the Octopode Delver began the quest for the Orb.
     0 | D:5      | Reached XP level 1. HP: 16/16 MP: 1/1
    43 | D:3      | Reached XP level 2. HP: 18/21 MP: 2/2
    51 | D:3      | Slain by an orc

Illustrated notes

Levels and vault maps discovered:
D:3:      layout_basic, nicolae_sif_muna_little_library, uniq_terence,
          uniq_sigmund
D:4:      layout_cave_pools, mainiacjoe_overflow_alcove_1,
          nicolae_dithmenos_the_darkroom, minmay_temple_entry_trees,
          nicolae_ossuary_entry_false_entrances, serial_shops, shop,
          uniq_eustachio
D:5:      layout_cave_pools, mainiacjoe_overflow_24_doors, minivault_23

Action                   || total
-------------------------++-------
Melee: Short sword       ||     7
       Tentacles         ||     3
       Constrict         ||     2
 Stab: Sleeping          ||     1
Armor: Skin              ||     1
Dodge: Dodged            ||     3
